 Dungeon Crawl Stone Soup version 0.29-a0-664-gff9cad4a3d (webtiles) character file.

Game seed: 12594816903548497856

577120 wingedge the Cryomancer (level 27, 0/231 (234) HPs)
             Began as a Merfolk Ice Elementalist on June 21, 2022.
             Was the Champion of Vehumet.
             Slain by a death cob (26 damage)
             ... on level 1 of the Realm of Zot on June 22, 2022.
             The game lasted 08:09:05 (63054 turns).

wingedge the Cryomancer (Merfolk Ice Elementalist) Turns: 63054, Time: 08:09:05

HP:   0/231 (234)   AC: 13    Str: 18    XL:     27
MP:   27/43         EV: 25    Int: 29    God:    Vehumet [******]
Gold: 3663          SH: 23    Dex: 19    Spells: 3/58 levels left

rFire   + . .      SeeInvis +   a - +7 falchion "Gydagicyuf" {spect, *Noise rElec Will++}
rCold   + . .      Faith    .   k - +3 kite shield of Vojebb {rElec Dex+5 SInv}
rNeg    + . .      Spirit   .   c - +4 leather armour "Viqimos" {rC+ Str+3}
rPois   .          Reflect  +   (helmet restricted)
rElec   +          Harm     .   V - +2 cloak of the True Pharaoh {rCorr}
rCorr   +          Rampage  .   i - +2 pair of gloves
Will    ++++.                   E - +2 pair of boots {Fly}
Stlth   +++++.....              O - amulet of reflection
HPRegen 0.00/turn               m - ring of Xohenas {*Corrode rF+ rN+ Int+2}
MPRegen 0.28/turn               M - ring of the Cockatrice {Wiz rElec Str+3 Int+2}

@: corroded, flying, inhibited regen, hasted and slowed, studying Stealth,
lightly drained
A: (nimble swimmer 2), mertail, antennae 1, claws 1, robust 1, inhibited
regeneration
}: 3/15 runes: serpentine, barnacled, slimy
a: Renounce Religion


You were on level 1 of the Realm of Zot.
You worshipped Vehumet.
Vehumet was exalted by your worship.
You visited 10 branches of the dungeon, and saw 49 of its levels.
You visited 1 bazaar.
You also visited: Volcano.

You collected 7394 gold pieces.
You spent 3731 gold pieces at shops.

Inventory:

Hand Weapons
 a - the +7 falchion "Gydagicyuf" (weapon) {spect, *Noise rElec Will++}
   (You took it off a merfolk siren on level 4 of the Shoals)

   When its wielder attacks, the weapon's spirit leaps out and strikes again.
   The spirit shares a part of any damage it takes with its wielder.
   rElec:     It insulates you from electricity.
   *Noise:    It may make noises in combat.
   Will:      It greatly increases your willpower.
Armour
 c - the +4 leather armour "Viqimos" (worn) {rC+ Str+3}
   (You found it on level 1 of the Elven Halls)

   Str:       It affects your strength (+3).
   rC:        It protects you from cold.
 i - a +2 pair of gloves (worn)
 k - the +3 kite shield of Vojebb (worn) {rElec Dex+5 SInv}
   (You acquired it on level 9 of the Dungeon)

   Dex:       It affects your dexterity (+5).
   rElec:     It insulates you from electricity.
   SInv:      It lets you see invisible.
 E - a +2 pair of boots of flying (worn)
 Q - a +2 cloak of poison resistance
 R - a +0 leather armour of willpower
 T - a +2 helmet
 V - the +2 cloak of the True Pharaoh (worn) {rCorr}
   (You found it on level 2 of the Snake Pit)

   rCorr:     It protects you from acid and corrosion.
 W - a +3 leather armour of poison resistance
Magical Staves
 b - a staff of cold
 h - a staff of conjuration
 o - a staff of earth
Jewellery
 m - the ring of Xohenas (left hand) {*Corrode rF+ rN+ Int+2}
   (You found it on level 5 of the Pits of Slime)

   [ring of protection from fire]

   Int:       It affects your intelligence (+2).
   rF:        It protects you from fire.
   rN:        It protects you from negative energy.
   *Corrode:  It may corrode you when you take damage.
 p - the ring "Zerynn" {rPois rF+ Will+ SInv Stlth-}
   (You took it off a hell knight on level 3 of the Depths)

   [ring of willpower]

   rF:        It protects you from fire.
   rPois:     It protects you from poison.
   SInv:      It lets you see invisible.
   Will:      It increases your willpower.
   Stlth:     It makes you less stealthy.
 x - the ring of the Imbibing Gods {rF+ rC- rN++ rCorr Dex-3 Stlth+}
   (You found it on level 3 of the Elven Halls)

   [ring of protection from fire]

   Dex:       It affects your dexterity (-3).
   rF:        It protects you from fire.
   rC:        It makes you vulnerable to cold.
   rN:        It greatly protects you from negative energy.
   rCorr:     It protects you from acid and corrosion.
   Stlth:     It makes you more stealthy.
 z - an amulet of magic regeneration
 C - the ring "Saud" {*Corrode rC+ Will++ Int+6 Dex+4}
   (You bought it in a shop on level 3 of the Vaults)

   [ring of intelligence]

   Int:       It affects your intelligence (+6).
   Dex:       It affects your dexterity (+4).
   rC:        It protects you from cold.
   *Corrode:  It may corrode you when you take damage.
   Will:      It greatly increases your willpower.
 I - the macabre finger necklace {rN+}
   (You found it on level 5 of the Lair of Beasts)

   [amulet of nothing]

   It enables you to equip an extra ring.
   rN:        It protects you from negative energy.
 J - the ring of Muxur {Fly rN+ Str+5 Stlth-}
   (You took it off a frost giant on level 3 of the Depths)

   [ring of flight]

   Str:       It affects your strength (+5).
   rN:        It protects you from negative energy.
   Fly:       It grants you flight.
   Stlth:     It makes you less stealthy.
 K - the ring "Syfifoa" {rCorr Int+5}
   (You took it off a merfolk siren on level 4 of the Shoals)

   [ring of resist corrosion]

   Int:       It affects your intelligence (+5).
   rCorr:     It protects you from acid and corrosion.
 M - the ring of the Cockatrice (right hand) {Wiz rElec Str+3 Int+2}
   (You bought it in a shop on level 1 of the Snake Pit)

   [ring of wizardry]

   It improves your spell success rate.
   Str:       It affects your strength (+3).
   Int:       It affects your intelligence (+2).
   rElec:     It insulates you from electricity.
 N - the ring of Irchetao {Ice +Blink Will+ rCorr Int-2}
   (You found it on level 3 of the Depths)

   [ring of ice]

   It enhances your ice magic.
   Int:       It affects your intelligence (-2).
   rF:        It makes you vulnerable to fire.
   rC:        It protects you from cold.
   +Blink:    It lets you blink.
   rCorr:     It protects you from acid and corrosion.
   Will:      It increases your willpower.
 O - an amulet of reflection (around neck)
Wands
 e - a wand of digging (8)
 j - a wand of light (34)
Scrolls
 f - 2 scrolls of fog
 n - 15 scrolls of enchant weapon
 q - a scroll of brand weapon
 t - 21 scrolls of teleportation
 y - 2 scrolls of blinking
 B - 6 scrolls of poison
 G - 4 scrolls of amnesia
 H - 3 scrolls of fear
 S - 2 scrolls of torment
 U - 10 scrolls of magic mapping
 X - 2 scrolls of enchant armour
 Z - 3 scrolls of summoning
Potions
 d - 12 potions of might
 l - 8 potions of mutation
 r - 8 potions of brilliance
 s - 9 potions of cancellation
 u - 22 potions of curing
 v - 10 potions of attraction
 w - a potion of invisibility
 A - 7 potions of heal wounds
 D - 8 potions of haste
 F - 7 potions of ambrosia
 L - a potion of magic
 P - 3 potions of resistance


   Skills:
 + Level 16.9 Fighting
 - Level 7.2 Armour
 + Level 19.9 Dodging
 + Level 13.0 Stealth
 + Level 15.8 Shields
 + Level 16.4 Spellcasting
 * Level 12.9 Conjurations
 - Level 7.0 Hexes
 - Level 9.0 Necromancy
 - Level 2.0 Translocations
 - Level 4.3 Transmutations
 + Level 22.7 Ice Magic
 * Level 10.5 Earth Magic


You had 3 spell levels left.
You knew the following spells:

 Your Spells              Type           Power      Damage    Failure   Level
a - Ozocubu's Refrigerat  Ice            51%        4d15      1%          7
b - Ozocubu's Armour      Ice            100%       N/A       0%          3
c - Simulacrum            Ice/Necr       43%        N/A       1%          6
e - Polar Vortex          Ice            51%        N/A       4%          9
f - Iron Shot             Conj/Erth      37%        9d7       1%          6
g - Iskenderun's Battles  Conj           78%        2d13      1%          5
h - Metabolic Englaciati  Hex/Ice        42%        N/A       1%          5
i - Hailstorm             Conj/Ice       91%        3d18      1%          4
j - Blink                 Tloc           70%        N/A       1%          2
k - Lehudib's Crystal Sp  Conj/Erth      37%        10d9      21%         8

Your spell library contained the following spells:

 Spells                   Type           Power      Damage    Failure   Level
 Shatter                  Erth           35%        3d28*     97%         9
 Freeze                   Ice            100%       1d11      0%          1
 Magic Dart               Conj           100%       1d8       0%          1
 Frozen Ramparts          Ice            100%       1d12      0%          3
 Apportation              Tloc           70%        N/A       1%          1
 Beastly Appendage        Tmut           96%        N/A       1%          1
 Necrotize                Necr           100%       1d9       1%          1
 Shock                    Conj/Air       100%       1d9       1%          1
 Summon Small Mammal      Summ           92%        N/A       1%          1
 Poisonous Vapours        Pois/Air       46%        N/A       1%          2
 Scorch                   Fire           46%        2d7       1%          2
 Searing Ray              Conj           100%       2d8       1%          2
 Static Discharge         Conj/Air       57%        N/A       1%          2
 Confusing Touch          Hex            59%        N/A       1%          3
 Conjure Flame            Conj/Fire      57%        6-21      1%          3
 Dazzling Flash           Conj/Hex       100%       N/A       1%          3
 Ignite Poison            Fire/Tmut/Pois 32%        N/A       1%          3
 Inner Flame              Hex/Fire       44%        N/A       1%          3
 Mephitic Cloud           Conj/Pois/Air  48%        N/A       1%          3
 Portal Projectile        Hex/Tloc       98%        N/A       1%          3
 Stone Arrow              Conj/Erth      100%       3d13      1%          3
 Call Imp                 Summ           23%        N/A       2%          2
 Call Canine Familiar     Summ           23%        N/A       4%          3
 Swiftness                Air            23%        N/A       4%          3
 Animate Armour           Summ/Erth      100%       N/A       1%          4
 Animate Dead             Necr           66%        N/A       1%          4
 Dispel Undead            Necr           66%        3d23      1%          4
 Flame Wave               Conj/Fire      57%        2d11      1%          4
 Ice Form                 Ice/Tmut       80%        N/A       1%          4
 Iskenderun's Mystic Bla  Conj/Tloc      61%        2d13      1%          4
 Leda's Liquefaction      Hex/Erth       33%        N/A       1%          4
 Petrify                  Tmut/Erth      61%        N/A       1%          4
 Sticky Flame             Conj/Fire      57%        2d7       1%          4
 Summon Ice Beast         Ice/Summ       74%        N/A       1%          4
 Freezing Cloud           Conj/Ice/Air   37%        6-21      1%          5
 Irradiate                Conj/Tmut      32%        3d24      1%          5
 Lightning Bolt           Conj/Air       28%        1d45      1%          5
 Yara's Violent Unravell  Hex/Tmut       27%        3d12      1%          5
 Orb of Destruction       Conj           39%        9d11      1%          7
 Airstrike                Air            11%        N/A       4%          4
 Conjure Ball Lightning   Conj/Air       28%        3x3d8     4%          6
 Starburst                Conj/Fire      28%        6d9       4%          6
 Blade Hands              Tmut           24%        N/A       8%          5
 Statue Form              Tmut/Erth      40%        N/A       12%         6
 Summon Lightning Spire   Summ/Air       23%        N/A       16%         4
 Alistair's Intoxication  Tmut/Pois      24%        N/A       17%         5
 Summon Forest            Summ/Tloc      14%        N/A       26%         5
 Enfeeble                 Hex            29%        N/A       56%         7
 Haunt                    Necr/Summ      24%        N/A       87%         7
 Dragon Form              Tmut           24%        N/A       89%         7
 Summon Cactus Giant      Summ           11%        N/A       90%         6
 Infestation              Necr           33%        N/A       91%         8
 Storm Form               Tmut/Air       18%        N/A       99%         7
 Discord                  Hex            29%        N/A       99%         8
 Necromutation            Tmut/Necr      29%        N/A       99%         8
 Disjunction              Tloc           17%        N/A       100%        8
 Maxwell's Capacitive Co  Air            11%        ∞         100%        8
 Summon Horrible Things   Summ           11%        N/A       100%        8


Dungeon Overview and Level Annotations

Branches:
Dungeon (15/15)            Temple (0/1) D:7            Lair (6/6) D:9
 Shoals (4/4) Lair:4        Snake (4/4) Lair:3        Slime (5/5) Lair:6
    Orc (2/2) D:9             Elf (3/3) Orc:2        Vaults (4/5) D:14
  Crypt (0/3) Vaults:3     Depths (4/4) D:15            Zot (2/5) Depths:4
Volcano (visited)

Altars:
Ashenzari
Cheibriados
Elyvilon
Hepliaklqana
Makhleb
Okawaru
Qazlal
Ru
Sif Muna
Trog
Uskayaw
Vehumet
Xom
Yredelemnul
The Shining One

Shops:
D:6 **   D:8 (   D:9 (!?(   D:14 =   Orc:2 ((:(?   Elf:3 [   Shoals:1 ?=[
Snake:1 =   Vaults:1 (   Vaults:3 =

Portals:
Hell: Depths:1 Depths:3 Depths:4
Abyss: Depths:3
Pandemonium: Depths:1
Ziggurat: Depths:3


Innate Abilities, Weirdness & Mutations

((You are very nimble when in or above water. (Stealth+, EV+, Speed+++)))
Your lower body shifts to a powerful aquatic tail in water.
You have a pair of small antennae on your head.
You have sharp fingernails.
You are robust. (+10% HP)
You do not regenerate when monsters are visible.


Message History

The death cob closely misses you. The death cob hits you!
* * * LOW HITPOINT WARNING * * *
The death cob drains your vigour!
You feel yourself slow down.
Okay, then.
You feel better.
You feel less invigorated. You block the death cob's attack.
The death cob hits you!!
* * * LOW HITPOINT WARNING * * *
The death cob drains your vigour!
You feel as though you will be slow longer.
You block the death cob's attack. The death cob completely misses you.
Casting: Iron Shot (mildly dangerous; 1% risk of failure)
Confirm with . or Enter, or press ? or * to list all spells.
A film of ice covers your body! The death cob completely misses you.
You block the death cob's attack. The death cob hits you!!
* * * LOW HITPOINT WARNING * * *
The death cob hits you!!
* * * LOW HITPOINT WARNING * * *
The death cob drains your vigour!
You feel as though you will be slow longer.
Blink to where?
Press: ? - help, Dir - move target Your icy armour will break if you move.
Continue?
Your icy armour cracks and falls away as you move.
As you read the scroll of blinking, it crumbles to dust.
You block the death cob's attack.
Blink to where?
Press: ? - help, Dir - move target
As you read the scroll of blinking, it crumbles to dust.
Casting: Ozocubu's Armour (safe; 0% risk of failure)
Confirm with . or Enter, or press ? or * to list all spells.
Aiming: Iron Shot (mildly dangerous; 1% risk of failure)
Press: ? - help, Shift-Dir - straight line, f - death cob
Aim: a death cob (60% to hit)
Okay, then.
Casting: Iron Shot (mildly dangerous; 1% risk of failure)
Confirm with . or Enter, or press ? or * to list all spells.
Okay, then.
You feel yourself speed up. You block the death cob's attack.
The death cob hits you!!
You die...

#...# ###.......
#.#.####.........
#.#.#≈##.........
#.#.≈≈≈#.).......
#.#.≈≈≈≈....#....
#.≈>.............
#.≈≈≈≈≈≈.[...##..
#z≈≈≈≈≈≈.....#
#@≈≈≈≈≈≈#....#
#.#≈≈≈≈≈#....#
#.≈≈≈≈≈##....#
#.≈≈≈≈###......
#.....# #......
##≈≈≈.# #.≈##...
..≈.# .....


You could see a death cob.

Vanquished Creatures
  the Royal Jelly (Slime:5)
  A Killer Klown (Zot:2)
  Bai Suzhen (Depths:1)
  Vashnia (Snake:4)
  Xtahua (Vaults:4)
  6 caustic shrikes
  4 golden dragons
  A bone dragon (Depths:4)
  Nikola (Depths:1)
  An electric golem (Zot:1)
  Jorgrun (Shoals:1)
  7 tentacled monstrosities
  2 quicksilver dragons
  A lich (Depths:3)
  A titan (Vaults:2)
  25 acid blobs
  2 deep elf master archers (Elf:3)
  3 deep elf blademasters
  A walking frostbound tome (Depths:3)
  Polyphemus (Shoals:3)
  4 death cobs
  2 shadow dragons
  Gastronok (Lair:2)
  The ghost of jejorda2 the Phalangite, an adept MfBe of Trog (Shoals:2)
  A kraken (Shoals:4)
  5 sphinxes
  Frances (D:12)
  3 storm dragons
  Roxanne (Elf:2)
  Donald (Orc:1)
  2 tengu reavers
  6 nagarajas
  3 draconian monks
  12 azure jellies
  9 frost giants
  4 deep elf sorcerers
  A fire giant (Depths:4)
  9 rockslimes
  2 orc warlords
  A draconian knight (Zot:2)
  A balrug (Depths:3)
  A draconian scorcher (Zot:2)
  2 deep elf elementalists
  8 vault wardens
  3 draconian shifters
  Louise (Snake:2)
  A draconian annihilator (Zot:2)
  14 very ugly things
  A war gargoyle (D:14)
  9 ironbound preservers
  A vampire knight (Depths:1)
  4 stone giants
  5 ironbound thunderhulks
  6 quicksilver oozes (Slime:5)
  2 green draconians
  8 deep elf demonologists
  7 red draconians
  2 white draconians
  6 black draconians
  Nessos (D:13)
  5 deep elf annihilators (Elf:3)
  2 purple draconians (Zot:2)
  5 spark wasps
  2 yellow draconians
  14 dire elephants
  A minotaur (Shoals:4)
  A crystal guardian (D:14)
  Josephine (D:15)
  7 yaktaur captains
  6 ettins
  7 deep elf death magi
  2 merfolk javelineers
  2 merfolk impalers
  10 great orbs of eyes
  8 fire dragons
  A deep elf high priest (Elf:3)
  A peacekeeper (Vaults:1)
  2 ice dragons
  2 salamander tyrants (Snake:4)
  12 vault guards
  4 merfolk avatars
  8 boulder beetles
  7 ironbound frosthearts
  2 catoblepae
  14 hydras
  An alligator snapping turtle (Shoals:4)
  2 merfolk aquamancers
  8 naga warriors
  17 anacondas
  4 two-headed ogres
  18 centaur warriors
  16 death yaks
  28 dancing weapons
  A vampire mage (Vaults:3)
  14 satyrs (Shoals:4)
  5 deep troll shamans
  2 tengu warriors
  4 deep troll earth magi
  2 orc high priests (Orc:2)
  10 shock serpents
  10 naga sharpshooters
  A hell knight (Depths:3)
  A soul eater (Vaults:3)
  A shock serpent (shapeshifter) (Depths:3)
  2 spriggan berserkers
  Nergalle (D:12)
  The ghost of pigah the Zephyrmancer, a novice OpAE of Gozag (D:10)
  23 deep elf knights
  5 salamander mystics (Snake:4)
  11 iron trolls
  2 glowing orange brains
  16 sea snakes
  41 deep trolls
  A flayed ghost (Depths:4)
  3 phantasmal warriors
  11 naga ritualists
  13 orc knights
  A sphinx zombie (Vaults:1)
  16 harpies
  34 deep elf pyromancers
  27 ugly things
  11 lindwurms
  42 deep elf zephyrmancers
  3 necromancers
  11 deep elf archers
  2 orc sorcerers
  6 wizards
  15 ironbound convokers
  9 shining eyes
  11 mana vipers
  13 cyclopes
  A faun (shapeshifter) (Depths:4)
  A frost giant zombie (Vaults:1)
  19 manticores
  15 fauns
  A human zombie (Vaults:4)
  11 salamanders
  9 moths of wrath
  A stone giant skeleton (Vaults:4)
  31 elephants
  11 naga magi
  2 eyes of devastation
  2 smoke demons (Depths:3)
  A guardian serpent (Snake:4)
  11 merfolk sirens
  11 vault sentinels
  12 water nymphs
  35 black mambas
  18 cane toads
  Psyche (D:8)
  2 rime drakes
  A kobold demonologist (D:10)
  A freezing wraith (D:15)
  11 komodo dragons
  An efreet (D:15)
  21 yaktaurs
  A human skeleton (Vaults:4)
  3 wind drakes
  3 meliai (Lair:3)
  A red devil (Volcano)
  A queen bee (Lair:3)
  5 trolls
  22 merfolk
  A hornet (D:9)
  3 polar bears
  A tengu simulacrum (Vaults:2)
  Prince Ribbit (D:5)
  A tarantella (shapeshifter) (D:14)
  2 dream sheep (Shoals:4)
  14 blink frogs
  An ettin zombie (Vaults:4)
  A snapping turtle (shapeshifter) (Depths:3)
  11 snapping turtles
  A blink frog (shapeshifter) (Elf:2)
  119 slime creatures
  A shadow (D:10)
  2 ettin skeletons (Vaults:2)
  3 air elementals
  2 vampires
  2 spriggans (Lair:2)
  14 water elementals
  4 wraiths
  9 wyverns
  3 fire elementals
  3 basilisks
  3 hogs (D:13)
  52 yaks
  22 golden eyes
  2 steam dragons
  Menkaure (D:5)
  7 vampire mosquitoes
  44 nagas
  An acid dragon (D:9)
  3 wargs
  Duvessa (D:5)
  14 water moccasins
  A floating eye (Slime:5)
  A floating eye (shapeshifter) (D:10)
  3 hell hounds (Volcano)
  6 black bears
  41 orc warriors
  2 sky beasts (D:7)
  An ice beast (D:4)
  2 ettin simulacra
  4 ogres
  7 boggarts
  21 wolves
  20 centaurs
  A phantom (D:5)
  12 bullfrogs
  6 earth elementals
  A scorpion (D:4)
  A human simulacrum (Vaults:1)
  Dowan (D:5)
  39 killer bees
  4 electric eels
  2 howler monkeys
  3 lava snakes (Lair:2)
  15 orc priests
  Crazy Yiuf (D:5)
  6 hounds
  4 iguanas
  A scorpion zombie (D:4)
  16 orc wizards
  6 hell rats
  Robin (D:2)
  9 adders
  4 gnolls
  6 river rats (Lair:1)
  2 shadow imps (D:6)
  A white imp (D:5)
  An ufetubus (D:3)
  An adder zombie (D:4)
  2 worms
  A dart slug (D:5)
  69 orcs
  3 endoplasms
  2 giant cockroaches
  17 goblins
  17 hobgoblins
  7 kobolds
  A quokka (D:4)
  8 ball pythons
  6 bats
  5 frilled lizards
  7 rats
  A plant (Depths:1)
  3 tentacles (Shoals:4)
1833 creatures vanquished.

Vanquished Creatures (collateral kills)
  A titan (Vaults:1)
  A nagaraja (Snake:4)
  Kirke (D:13)
  A revenant (Vaults:3)
  A vault warden (Vaults:1)
  An orc warlord (Vaults:2)
  A ghoul (Vaults:3)
  The ghost of SuperHamster the Fighter, a journeyman OpCj of Gozag (Shoals:1)
  3 ironbound preservers
  An ironbound thunderhulk (Vaults:2)
  3 dire elephants (Vaults:1)
  A minotaur (Shoals:4)
  A deep elf death mage (Vaults:2)
  A merfolk impaler (Shoals:4)
  A hydra (D:13)
  A vault guard (Vaults:2)
  A boulder beetle (D:15)
  A merfolk avatar (Shoals:1)
  2 satyrs (Shoals:4)
  An ironbound frostheart (Vaults:1)
  A centaur warrior (D:13)
  5 naga warriors (Snake:4)
  A deep troll shaman (Depths:3)
  A naga sharpshooter (Snake:4)
  3 naga ritualists (Snake:4)
  3 ironbound convokers
  2 phantasmal warriors
  An orc knight (Vaults:2)
  A harpy (Vaults:3)
  A necromancer (Vaults:2)
  4 fauns (Shoals:4)
  A mana viper (Snake:4)
  A salamander (Snake:4)
  A guardian serpent (Snake:4)
  3 naga magi (Snake:4)
  A komodo dragon (D:9)
  A komodo dragon (shapeshifter) (Elf:1)
  3 merfolk (Shoals:4)
  3 slime creatures
  A dream sheep (Shoals:4)
  A water elemental (Depths:3)
  3 wraiths (D:15)
  A yak (D:9)
  2 nagas (Snake:4)
  A howler monkey (D:13)
  A jelly (D:4)
  A ball python (D:4)
73 creatures vanquished.

Vanquished Creatures (others)
  A slime creature (Slime:2)
  A water elemental (Shoals:4)
  2 bushes (Lair:6)
  68 fungi
  260 plants
  A tentacle (Shoals:4)
333 creatures vanquished.

Grand Total: 2239 creatures vanquished

Notes
Turn   | Place    | Note
-------+----------+-------------------------------------------
     0 | D:1      | wingedge the Merfolk Ice Elementalist began the quest for
                  | the Orb.
     0 | D:1      | Reached XP level 1. HP: 13/13 MP: 3/3
    71 | D:1      | Reached XP level 2. HP: 12/20 MP: 0/5
   493 | D:1      | Reached skill level 1 in Fighting
   608 | D:1      | Reached XP level 3. HP: 26/26 MP: 4/6
   727 | D:1      | Learned a level 3 spell: Ozocubu's Armour
   998 | D:2      | Got Sif Muna's Grimoire of Shifting Creation
  1092 | D:2      | Reached skill level 5 in Ice Magic
  1095 | D:2      | Noticed Robin
  1272 | D:2      | Killed Robin
  1273 | D:2      | Reached XP level 4. HP: 32/32 MP: 1/7
  1581 | D:2      | Found a faded altar of an unknown god.
  1630 | D:2      | Prayed at the altar of an unknown god.
  1630 | D:2      | Became a worshipper of Vehumet
  1630 | D:2      | Reached * piety under Vehumet
  1630 | D:2      | Offered knowledge of Sandblast by Vehumet.
  1836 | D:3      | Found a white marble altar of Elyvilon.
  1972 | D:3      | Reached XP level 5. HP: 38/38 MP: 1/8
  2604 | D:4      | Found a shimmering blue altar of Sif Muna.
  2855 | D:4      | Reached ** piety under Vehumet
  2859 | D:4      | Reached skill level 1 in Armour
  2908 | D:4      | Reached XP level 6. HP: 38/45 MP: 10/10
  3028 | D:4      | Offered knowledge of Searing Ray by Vehumet.
  3331 | D:4      | Reached skill level 6 in Ice Magic
  3334 | D:4      | Learned a level 2 spell: Searing Ray
  3359 | D:4      | Noticed a black bear
  3735 | D:4      | Killed a black bear
  3736 | D:4      | Reached skill level 1 in Conjurations
  3736 | D:4      | Reached XP level 7. HP: 45/52 MP: 9/11
  3740 | D:4      | Learned a level 3 spell: Frozen Ramparts
  3951 | D:4      | Found a basalt altar of Yredelemnul.
  4190 | D:5      | Entered Level 5 of the Dungeon
  4194 | D:5      | Noticed Dowan
  4194 | D:5      | Noticed Duvessa
  4208 | D:5      | Killed Duvessa
  4211 | D:5      | Killed Dowan
  4211 | D:5      | Offered knowledge of Mephitic Cloud by Vehumet.
  4212 | D:5      | Reached skill level 5 in Dodging
  4555 | D:5      | Found a stormy altar of Qazlal.
  4712 | D:5      | Noticed Prince Ribbit
  4724 | D:5      | Killed Prince Ribbit
  4725 | D:5      | Reached skill level 7 in Ice Magic
  4725 | D:5      | Reached XP level 8. HP: 60/60 MP: 1/13
  5067 | D:5      | Noticed Menkaure
  5075 | D:5      | Killed Menkaure
  5180 | D:5      | Learned a level 4 spell: Hailstorm
  5501 | D:5      | Reached *** piety under Vehumet
  5668 | D:5      | Found a runed translucent door.
  5669 | D:5      | Noticed Crazy Yiuf
  5676 | D:5      | Killed Crazy Yiuf
  5872 | D:6      | Found Kemudd's CLEARANCE SALE!.
  5882 | D:6      | Bought a potion of curing for 12 gold pieces
  5968 | D:6      | Found a broken altar of Ashenzari.
  5980 | D:6      | Found an iron altar of Okawaru.
  6097 | D:6      | Reached skill level 8 in Ice Magic
  6097 | D:6      | Reached XP level 9. HP: 58/66 MP: 10/15
  6327 | D:6      | Found a snail-covered altar of Cheibriados.
  6459 | D:6      | Found Peunnet's Assorted Antiques.
  6467 | D:6      | Bought a scroll labelled YSEMPIG FOH for 30 gold pieces
  6467 | D:6      | Bought a scroll labelled YPLASOA BUSYR for 30 gold pieces
  6467 | D:6      | Bought a dented cameo amulet for 150 gold pieces
  6467 | D:6      | Bought a golden potion for 27 gold pieces
  6541 | D:6      | Found a bloodstained altar of Trog.
  6601 | D:7      | Found a staircase to the Ecumenical Temple.
  6748 | D:7      | Offered knowledge of Fulminant Prism by Vehumet.
  6948 | D:7      | Reached skill level 5 in Fighting
  7229 | D:7      | Found a burning altar of Makhleb.
  7284 | D:7      | Found a sacrificial altar of Ru.
  7515 | D:7      | Reached **** piety under Vehumet
  7569 | D:8      | Reached skill level 5 in Spellcasting
  7569 | D:8      | Reached skill level 9 in Ice Magic
  7571 | D:8      | Reached skill level 5 in Conjurations
  7579 | D:8      | Reached XP level 10. HP: 48/76 MP: 5/17
  7708 | D:8      | Found Efoupt's Weapon Shoppe.
  7969 | D:8      | Found a shimmering altar of Xom.
  8018 | D:8      | Noticed Psyche
  8029 | D:8      | Killed Psyche
  8030 | D:8      | Reached skill level 1 in Hexes
  8106 | D:8      | Noticed a two-headed ogre
  8114 | D:8      | Killed a two-headed ogre
  8114 | D:8      | Offered knowledge of Stone Arrow by Vehumet.
  8542 | D:8      | Found a hide-covered altar of Uskayaw.
  8667 | D:9      | Found Foshrug's Distillery.
  8676 | D:9      | Bought a potion of curing for 39 gold pieces
  8683 | D:9      | Found Beocw's Magic Scroll Shop.
  8691 | D:9      | Bought a scroll of identify for 22 gold pieces
  8691 | D:9      | Bought a scroll of identify for 22 gold pieces
  8691 | D:9      | Bought a scroll of identify for 22 gold pieces
  8691 | D:9      | Bought a scroll of noise for 11 gold pieces
  8691 | D:9      | Bought a scroll of amnesia for 38 gold pieces
  8710 | D:9      | Noticed a boulder beetle
  8728 | D:9      | Killed a boulder beetle
  8729 | D:9      | Reached skill level 1 in Necromancy
  9053 | D:9      | Reached skill level 10 in Ice Magic
  9081 | D:9      | Learned a level 3 spell: Stone Arrow
  9097 | D:9      | Reached skill level 1 in Earth Magic
  9101 | D:9      | Reached XP level 11. HP: 74/82 MP: 2/19
  9588 | D:9      | Found a staircase to the Lair.
  9638 | D:9      | Found a staircase to the Orcish Mines.
  9641 | D:9      | Found Wonai's Weapon Boutique.
  9658 | D:9      | Acquired the +3 kite shield of Vojebb {rElec Dex+5 SInv}
  9706 | D:9      | Found a hazy altar of Hepliaklqana.
  9776 | D:9      | Found Qeek's Weapon Shop.
  9869 | D:10     | Entered Level 10 of the Dungeon
 10135 | D:10     | Noticed pigah's ghost (novice OpAE)
 10139 | D:10     | Noticed a centaur warrior
 10140 | D:10     | Found a runed translucent gate.
 10140 | D:10     | Found a runed translucent gate.
 10141 | D:10     | Found a runed translucent gate.
 10154 | D:10     | Identified the +5 chain mail of Dramatic Exits {rF- Dex+6}
 10317 | D:10     | Noticed a shining eye
 10354 | D:10     | Noticed a steelbarb worm
 10493 | D:11     | Noticed a five-headed hydra
 10500 | D:11     | Killed a five-headed hydra
 10501 | D:11     | Reached skill level 1 in Shields
 10973 | D:11     | Reached ***** piety under Vehumet
 11002 | D:11     | Offered knowledge of Lee's Rapid Deconstruction by Vehumet.
 11115 | D:11     | Noticed a cyan ugly thing
 11115 | D:11     | Noticed a cyclops
 11126 | D:11     | Killed a cyan ugly thing
 11210 | D:11     | Killed a cyclops
 11504 | Lair:1   | Entered Level 1 of the Lair of Beasts
 11508 | Lair:1   | Found a dark tunnel.
 11518 | Volcano  | Entered a volcano
 11552 | Volcano  | Noticed a red ugly thing
 11562 | Volcano  | Killed a red ugly thing
 11824 | Lair:1   | Noticed an eight-headed hydra
 11834 | Lair:1   | Killed an eight-headed hydra
 11835 | Lair:1   | Reached skill level 11 in Ice Magic
 11835 | Lair:1   | Reached XP level 12. HP: 72/91 MP: 5/21
 13469 | Lair:2   | Noticed Gastronok
 13482 | Lair:2   | Killed Gastronok
 13675 | Lair:2   | Noticed a six-headed hydra
 13684 | Lair:2   | Killed a six-headed hydra
 14540 | Lair:3   | Reached XP level 13. HP: 98/98 MP: 16/23
 14542 | Lair:3   | Reached skill level 5 in Shields
 14548 | Lair:3   | Reached skill level 5 in Hexes
 14557 | Lair:3   | Reached skill level 12 in Ice Magic
 14573 | Lair:3   | Reached skill level 10 in Dodging
 15225 | Lair:3   | Found a staircase to the Snake Pit.
 15254 | Lair:3   | You are sucked into a shaft and drop 2 floors!
 15906 | Lair:3   | Offered knowledge of Iskenderun's Battlesphere by Vehumet.
 15945 | Lair:3   | Learned a level 5 spell: Iskenderun's Battlesphere
 15951 | Lair:3   | Learned a level 5 spell: Metabolic Englaciation
 16676 | Lair:4   | Found a staircase to the Shoals.
 17389 | Lair:5   | Reached XP level 14. HP: 98/106 MP: 13/25
 17639 | Lair:5   | Reached skill level 13 in Ice Magic
 18068 | Lair:5   | Found the macabre finger necklace {rN+}
 18083 | Lair:5   | Got the Almanac of Flames
 18511 | Lair:6   | Entered Level 6 of the Lair of Beasts
 18655 | Lair:6   | Found a staircase to the Slime Pits.
 19475 | Lair:6   | Reached skill level 5 in Necromancy
 19752 | Lair:6   | Offered knowledge of Yara's Violent Unravelling by Vehumet.
 20268 | Lair:6   | Reached XP level 15. HP: 113/113 MP: 8/27
 20269 | Lair:6   | Reached skill level 1 in Transmutations
 20275 | Lair:6   | Reached skill level 5 in Armour
 20492 | Lair:6   | Identified the +1 scale mail of the Lizard {Drain rCorr
                  | Int+2 Dex+4}
 20986 | D:10     | Killed pigah's ghost
 21184 | D:12     | Noticed Frances
 21192 | D:12     | Killed Frances
 21504 | D:12     | Noticed Nergalle
 21509 | D:12     | Killed Nergalle
 22430 | Orc:1    | Entered Level 1 of the Orcish Mines
 22640 | Orc:2    | Entered Level 2 of the Orcish Mines
 22648 | Orc:2    | Found Fadiwas's Magic Scroll Emporium.
 22703 | Orc:2    | Noticed Donald
 22818 | Orc:1    | Killed Donald
 22819 | Orc:1    | Reached skill level 10 in Conjurations
 22996 | Orc:1    | Reached ****** piety under Vehumet
 22996 | Orc:1    | Offered knowledge of Ozocubu's Refrigeration by Vehumet.
 23044 | Orc:1    | Learned a level 7 spell: Ozocubu's Refrigeration
 23167 | Orc:2    | Found a staircase to the Elven Halls.
 23174 | Orc:2    | Bought a scroll of blinking for 120 gold pieces
 23174 | Orc:2    | Bought a scroll of fear for 56 gold pieces
 23680 | Orc:2    | Found a radiant altar of Vehumet.
 23780 | Orc:2    | Found Zugi's Antique Weapon Shoppe.
 23788 | Orc:2    | Found Oddasm's Antique Weapon Boutique.
 23788 | Orc:2    | Found Ricsolez's Book Emporium.
 23792 | Orc:2    | Found Waeliurph's Antique Weapon Shop.
 24127 | Snake:1  | Entered Level 1 of the Snake Pit
 24183 | Snake:1  | Reached skill level 10 in Fighting
 24326 | Snake:1  | Reached skill level 14 in Ice Magic
 24376 | Snake:1  | Found Nyil's Jewellery Shoppe.
 24382 | Snake:1  | Bought the ring of the Cockatrice {Wiz rElec Str+3 Int+2}
                  | for 545 gold pieces
 24386 | Snake:1  | Bought a ring of resist corrosion for 200 gold pieces
 24425 | Snake:1  | Reached XP level 16. HP: 122/122 MP: 16/29
 25277 | Snake:1  | Noticed a nagaraja
 25281 | Snake:1  | Killed a nagaraja
 25780 | Snake:2  | Offered knowledge of Iron Shot by Vehumet.
 26290 | Snake:2  | Identified the +3 tower shield "Ecu Fyefutz" {rElec Int-5
                  | SInv}
 26290 | Snake:2  | Noticed Louise
 26299 | Snake:2  | Killed Louise
 26716 | Snake:2  | Reached skill level 10 in Spellcasting
 27123 | Snake:2  | Identified the +2 cloak of the True Pharaoh {rCorr}
 27284 | Snake:3  | Noticed a nagaraja
 27290 | Snake:3  | Killed a nagaraja
 27634 | Snake:3  | Reached skill level 15 in Ice Magic
 27891 | Snake:4  | Entered Level 4 of the Snake Pit
 27930 | Snake:4  | Reached skill level 10 in Shields
 27980 | Snake:4  | Noticed Vashnia
 27984 | Snake:4  | Offered knowledge of Eringya's Noxious Bog by Vehumet.
 27985 | Snake:4  | Reached XP level 17. HP: 93/130 MP: 12/31
 27989 | Snake:4  | Killed Vashnia
 28157 | Snake:4  | Learned a level 6 spell: Simulacrum
 29380 | Snake:4  | Got a serpentine rune of Zot
 30168 | Snake:4  | Offered knowledge of Ignition by Vehumet.
 31288 | D:13     | Noticed Nessos
 31289 | D:13     | Noticed Kirke
 31290 | D:13     | Killed Nessos
 31291 | D:13     | Reached XP level 18. HP: 140/140 MP: 27/33
 31297 | D:13     | Killed Kirke
 31914 | D:14     | Found Veoviadi's Jewellery Emporium.
 32009 | D:14     | Reached skill level 16 in Ice Magic
 32093 | D:14     | Found a gate to the Vaults.
 32587 | D:15     | Entered Level 15 of the Dungeon
 32877 | D:15     | Noticed Josephine
 32882 | D:15     | Killed Josephine
 33041 | D:15     | Found a staircase to the Depths.
 33806 | Shoals:1 | Entered Level 1 of the Shoals
 33865 | Shoals:1 | Found Vuilau's Jewellery Boutique.
 33879 | Shoals:1 | Noticed Jorgrun
 33883 | Shoals:1 | Found Cetz's Magic Scroll Shoppe.
 33891 | Shoals:1 | Killed Jorgrun
 33892 | Shoals:1 | Reached skill level 15 in Dodging
 33955 | Shoals:1 | Bought a scroll of summoning for 123 gold pieces
 34114 | Shoals:1 | Bought a +6 ring of intelligence for 819 gold pieces
 34318 | Shoals:1 | Noticed SuperHamster's ghost (journeyman OpCj)
 34319 | Shoals:1 | Found a transporter.
 34386 | Shoals:1 | Found Koshriob's Armour Emporium.
 34529 | Shoals:1 | Offered knowledge of Lehudib's Crystal Spear by Vehumet.
 34529 | Shoals:1 | Offered knowledge of Shatter by Vehumet.
 34529 | Shoals:1 | Offered knowledge of Polar Vortex by Vehumet.
 34840 | Shoals:1 | Killed SuperHamster's ghost
 34906 | Shoals:1 | Reached skill level 17 in Ice Magic
 34906 | Shoals:1 | Reached XP level 19. HP: 148/148 MP: 33/35
 34907 | Shoals:1 | Reached XP level 20. HP: 155/155 MP: 34/36
 35048 | Shoals:2 | Learned a level 9 spell: Polar Vortex
 35142 | Shoals:2 | Reached skill level 18 in Ice Magic
 35854 | Shoals:2 | Found a runed translucent door.
 35856 | Shoals:2 | Noticed jejorda2's ghost (adept MfBe)
 35882 | Shoals:2 | Killed jejorda2's ghost
 36303 | Shoals:3 | Noticed Polyphemus
 36310 | Shoals:3 | Killed Polyphemus
 36545 | Shoals:3 | Reached XP level 21. HP: 162/162 MP: 24/37
 37216 | Shoals:4 | Entered Level 4 of the Shoals
 37597 | Shoals:4 | Identified the ring "Syfifoa" {rCorr Int+5}
 37823 | Shoals:4 | Identified the +7 falchion "Gydagicyuf" {spect, *Noise
                  | rElec Will++}
 38347 | Shoals:4 | Got a barnacled rune of Zot
 38868 | Vaults:1 | Entered Level 1 of the Vaults
 39428 | Vaults:1 | Reached skill level 19 in Ice Magic
 41118 | Vaults:1 | Found Ocaneh's Weapon Shop.
 41280 | Vaults:1 | Reached skill level 5 in Stealth
 41389 | Vaults:1 | Reached XP level 22. HP: 171/171 MP: 15/39
 42519 | Vaults:2 | Found the +8 mithril axe "Arga" {speed, Will+}
 43587 | Vaults:2 | Reached skill level 20 in Ice Magic
 44162 | Vaults:2 | Identified the +0 robe of Makhleb's Envy {Will+ Int+2}
 44787 | Vaults:3 | Found a staircase to the Crypt.
 44833 | Vaults:3 | Reached XP level 23. HP: 143/179 MP: 8/41
 45621 | Vaults:3 | Found Wios's Jewellery Emporium.
 45633 | Vaults:3 | Bought the ring "Saud" {*Corrode rC+ Will++ Int+6 Dex+4}
                  | for 1171 gold pieces
 46298 | Vaults:4 | Noticed Xtahua
 46305 | Vaults:4 | Killed Xtahua
 46551 | Vaults:4 | Reached skill level 5 in Earth Magic
 46753 | Vaults:4 | Reached skill level 15 in Fighting
 47018 | Vaults:4 | Reached skill level 15 in Spellcasting
 47018 | Vaults:4 | Reached skill level 21 in Ice Magic
 47018 | Vaults:4 | Reached XP level 24. HP: 188/188 MP: 41/42
 47578 | Elf:1    | Entered Level 1 of the Elven Halls
 47673 | Elf:1    | Paralysed by an air elemental for 1 turns
 47756 | Elf:1    | Identified the +4 leather armour "Viqimos" {rC+ Str+3}
 48516 | Elf:1    | Acquired 774 gold pieces
 48739 | Elf:2    | Learned a level 4 spell: Hailstorm
 48980 | Elf:2    | Noticed Roxanne
 49057 | Elf:2    | Killed Roxanne
 49296 | Elf:2    | Found a runed translucent gate.
 49296 | Elf:2    | Found a runed translucent gate.
 49296 | Elf:2    | Found a runed translucent gate.
 50170 | Elf:3    | Entered Level 3 of the Elven Halls
 50372 | Elf:3    | Reached XP level 25. HP: 195/195 MP: 33/42
 50620 | Elf:3    | Found Uness's Antique Armour Boutique.
 50626 | Elf:3    | Bought a transparent helmet for 294 gold pieces
 50626 | Elf:3    | Identified the +1 helmet of Inviolability {Rampage rC-
                  | Str+2} (You bought it in a shop on level 3 of the Elven
                  | Halls)
 50932 | Elf:3    | Reached skill level 22 in Ice Magic
 51429 | Elf:3    | Identified the +5 spear "Lires" {vorpal, Int+2}
 51494 | Elf:3    | Identified the ring of the Imbibing Gods {rF+ rC- rN++
                  | rCorr Dex-3 Stlth+}
 51551 | Elf:3    | Got the Collected Works on Destructive Orientation
 51580 | Elf:3    | Got the Grimoire of the Sinister Blaze
 51584 | Elf:3    | Got Ohoaju's Guide on the Snowflakes and Transformation
 51607 | Elf:3    | Got the Collected Works on Companions
 52021 | Depths:1 | Entered Level 1 of the Depths
 52587 | Depths:1 | Found a one-way gate leading to the halls of Pandemonium.
 52673 | Depths:1 | Noticed Nikola
 52681 | Depths:1 | Killed Nikola
 52706 | Depths:1 | Found a glowing golden altar of the Shining One.
 52863 | Depths:1 | Found a gateway to Hell.
 53177 | Depths:1 | Noticed Bai Suzhen
 53187 | Depths:1 | Killed Bai Suzhen
 53424 | Depths:3 | Found a one-way gateway to a ziggurat.
 53445 | Depths:3 | Learned a level 2 spell: Blink
 53601 | Depths:3 | Found a flickering gateway to a bazaar.
 53606 | Bazaar   | Entered a bazaar
 53610 | Bazaar   | Found Qoqoh's Jewellery Boutique.
 53628 | Bazaar   | Found Ohypod's Armour Shoppe.
 53645 | Bazaar   | Found Uttev's General Store.
 53662 | Bazaar   | Found Gutyade's Assorted Antiques.
 53849 | Depths:3 | Found a one-way gate to the infinite horrors of the Abyss.
 54128 | Depths:3 | Learned a level 8 spell: Lehudib's Crystal Spear
 54488 | Depths:3 | Reached skill level 1 in Translocations
 54495 | Depths:3 | Identified the ring "Zerynn" {rPois rF+ Will+ SInv Stlth-}
 54523 | Depths:3 | Identified the ring of Muxur {Fly rN+ Str+5 Stlth-}
 54876 | Depths:3 | Identified the ring of Irchetao {Ice +Blink Will+ rCorr
                  | Int-2}
 54980 | Depths:3 | Identified the ring of Plog {Fly Stlth+}
 55164 | Depths:3 | Reached skill level 15 in Shields
 55498 | Depths:4 | Entered Level 4 of the Depths
 56737 | Depths:4 | Reached skill level 10 in Stealth
 56888 | Depths:4 | Reached XP level 26. HP: 171/204 MP: 29/42
 56974 | Depths:4 | Found a gate to the Realm of Zot.
 57670 | Depths:4 | Upgraded the game from 0.29-a0-653-gd47aff6735 to
                  | 0.29-a0-664-gff9cad4a3d
 58069 | Slime:1  | Entered Level 1 of the Pits of Slime
 58230 | Slime:5  | Entered Level 5 of the Pits of Slime
 58339 | Slime:5  | Paralysed by a floating eye for 4 turns
 58347 | Slime:5  | Paralysed by a floating eye for 3 turns
 58359 | Slime:5  | Noticed the Royal Jelly
 58372 | Slime:5  | Killed the Royal Jelly
 58807 | Slime:5  | Found the +9 sword of Zonguldrok {reap}
 58840 | Slime:5  | Identified the +8 trident "Zyut" {drain, rElec}
 58842 | Slime:5  | Identified the +1 plate armour "Wonner" {rN+ SInv}
 58859 | Slime:5  | Identified the ring of Xohenas {*Corrode rF+ rN+ Int+2}
 58895 | Slime:5  | Got a slimy rune of Zot
 58923 | Slime:5  | Got Firgha's Collected Works on Igneous Lightness
 58938 | Slime:5  | Learned a level 6 spell: Iron Shot
 58940 | Slime:5  | Identified the +0 scale mail of a bazaar {rC+}
 58965 | Slime:5  | Identified the +1 scale mail of Pun Fib {Rampage rElec
                  | Will+ Int-5 Dex+2}
 58972 | Slime:5  | Identified the +5 long sword of Punishment {vorpal, Fragile
                  | +Blink Int+3}
 59219 | Slime:3  | Gained mutation: You are weak. (Str -2) [a shining eye]
 59232 | Slime:2  | Gained mutation: You are dopey. (Int -2) [a shining eye]
 59233 | Slime:2  | Gained mutation: Your magical capacity is low. (-10% MP) [a
                  | shining eye]
 59654 | Slime:3  | Lost mutation: Your magical capacity is low. (-10% MP)
                  | [potion of mutation]
 59654 | Slime:3  | Lost mutation: You are weak. (Str -2) [potion of mutation]
 59654 | Slime:3  | Gained mutation: You do not regenerate when monsters are
                  | visible. [potion of mutation]
 59654 | Slime:3  | Gained mutation: You have supernaturally acute eyesight.
                  | (SInv) [potion of mutation]
 59654 | Slime:3  | Gained mutation: You are strong-willed. (Will+) [potion of
                  | mutation]
 59752 | Slime:1  | Gained mutation: Your body sometimes deteriorates upon
                  | taking damage. [a shining eye]
 59767 | Slime:2  | Lost mutation: You are dopey. (Int -2) [potion of mutation]
 59767 | Slime:2  | Lost mutation: You are strong-willed. (Will+) [potion of
                  | mutation]
 59767 | Slime:2  | Gained mutation: Your skin changes colour to match your
                  | surroundings (Stealth+). [potion of mutation]
 59767 | Slime:2  | Gained mutation: You have a beak for a mouth. [potion of
                  | mutation]
 59768 | Slime:2  | Lost mutation: You have a beak for a mouth. [potion of
                  | mutation]
 59768 | Slime:2  | Lost mutation: You have supernaturally acute eyesight.
                  | (SInv) [potion of mutation]
 59768 | Slime:2  | Lost mutation: Your skin changes colour to match your
                  | surroundings (Stealth+). [potion of mutation]
 59768 | Slime:2  | Gained mutation: You are partially covered in iridescent
                  | scales. (AC +2) [potion of mutation]
 59769 | Slime:2  | Lost mutation: Your body sometimes deteriorates upon taking
                  | damage. [potion of mutation]
 59769 | Slime:2  | Lost mutation: You are partially covered in iridescent
                  | scales. (AC +2) [potion of mutation]
 59769 | Slime:2  | Gained mutation: You have sharp fingernails. [potion of
                  | mutation]
 59769 | Slime:2  | Gained mutation: You have a pair of small antennae on your
                  | head. [potion of mutation]
 59769 | Slime:2  | Gained mutation: You are robust. (+10% HP) [potion of
                  | mutation]
 59999 | Slime:1  | Reached skill level 10 in Earth Magic
 60429 | Zot:1    | Entered Level 1 of the Realm of Zot
 60514 | Zot:2    | Noticed a Killer Klown
 61166 | Zot:2    | Killed a Killer Klown
 62204 | Zot:2    | Reached XP level 27. HP: 234/234 MP: 21/43
 63054 | Zot:1    | Slain by a death cob

Illustrated notes

Levels and vault maps discovered:
D:1:      saegor_arrival_simple_e, layout_basic
D:2:      layout_loops_cross, nicolae_ecumenical_lake_church, uniq_robin
D:3:      layout_loops_ring, elyvilon_altar_4,
          wander_ebering_terrifying_dragon_lair
D:4:      layout_gridville, mainiacjoe_overflow_concentric_impassable,
          lemuel_zombie_altar_yredelemnul, serial_bayou_pond_d, st_stairs_6
D:5:      layout_loops_ring, general_overflow_altar, st_stairs_7,
          uniq_prince_ribbit1, uniq_duvessa, uniq_menkaure,
          uniq_crazy_yiuf_cottage
D:6:      layout_rooms, trog_hazing_becter, mainiacjoe_overflow_catwalk,
          mainiacjoe_overflow_alcove_4, mainiacjoe_overflow_boulevard,
          serial_shops, nicolae_shop_advertising_works
          [nicolae_subvault_shop_adworks], minmay_misc_feat_x, kennysheep_nub,
          nicolae_shop_clearance
D:7:      layout_gridville, mainiacjoe_overflow_alcove_2, kennysheep_mini,
          minmay_temple_entry_junction_2
D:8:      layout_basic, lemuel_doored_altar, marbit_many_paths, serial_rivers,
          chequers_serial_rivers_small_a, chequers_serial_rivers_small_a,
          chequers_serial_rivers_room_b, chequers_serial_rivers_room_b,
          chequers_serial_rivers_marsh, serial_shops, shop, chequers_jeans,
          uniq_psyche
D:9:      layout_cave_pools, nicolae_hepliaklqana_hippocampus,
          david_lair_shrubbed, orc_0_dummy, serial_shops, shop,
          nicolae_stop_n_shop_1, nicolae_shop_crystal,
          nicolae_shop_competitors_out_of_business,
          hangedman_abyss_or_decor_stabs, nzn_sisyphean_effort
D:10:     layout_rooms, gammafunk_ghost_split, due_unseen_surprise
D:11:     layout_gridville
D:12:     layout_grid_maze, uniq_frances, uniq_nergalle
D:13:     layout_basic, uniq_kirke, uniq_nessos
D:14:     layout_gridville, david_vaults_5, serial_shops, shop,
          minmay_misc_feat_hallway
D:15:     grunt_enter_depths_hoard, layout_loops_ring, uniq_josephine
Lair:1:   layout_chaotic_city, enter_volcano_1, st_stairs_10, kennysheep_rathole
Lair:2:   wad_woods_tower, layout_hall_layers, chequers_serial_rivers_micro_b,
          nicolae_quartered_pool_impasse, st_stairs_11,
          nicolae_lair_liquid_snakes, uniq_gastronok
Lair:3:   regret_index_tunnel_blossom, layout_hall_layers,
          minmay_snake_entry_guardpost_small
Lair:4:   layout_regular_city, elwin_shoals_entry_rocks, grunt_megastairs_4
Lair:5:   layout_small_grid, minmay_lindwurm_lava, serial_bayou_shore_b,
          grunt_megastairs_1
Lair:6:   grunt_lair_end_beastmaster, layout_layer_cave, slime_dummy,
          serial_bayou_pond_a, grunt_megastairs_2, lemuel_fruit_tree
Shoals:1: layout_shoals, serial_shops, shop, shop, gammafunk_ghost_arena,
          minmay_shop_enchanted_jewellery, st_cyclops, uniq_jorgrun
Shoals:2: layout_shoals, ebering_ghost_inner_flame
Shoals:3: layout_shoals, uniq_polyphemus
Shoals:4: shoals_end_hellmonk_lost_city
Snake:1:  layout_layer_cave, minmay_shop_star, serial_bayou_shore_a
Snake:2:  layout_misc_corridors, uniq_louise
Snake:3:  layout_rooms
Snake:4:  johnstein_snake_rune_scales, layout_cave_town, grunt_ministairs_13,
          serial_bayou_shore_b, uniq_vashnia
Slime:1:  layout_caves, basic_altar, special_room [special_room_jelly]
Slime:2:  layout_caves
Slime:3:  layout_caves
Slime:4:  layout_caves
Slime:5
Orc:1:    layout_caves
Orc:2:    st_orc_rangers, layout_caves, serial_shops, nicolae_shop_statue_plus,
          basic_altar, uniq_donald
Elf:1:    minmay_elf_arrival_circle, layout_geoelf_diagonals,
          minmay_elf_crystal_hexagon, wad_dig_loot
Elf:2:    elven_hall_of_blades_hangedman_original [nicolae_blade_tridents],
          layout_loops_cross, uniq_roxanne
Elf:3:    elf_hall, layout_gridlike, serial_shops, nicolae_shop_hallway_plus,
          roderic_lattice_octagonal_star, grunt_megastairs_3
Vaults:1: v_misc_31, vaults_room_stairs_pillars,
          vaults_room_grunt_arrival_ludios, hangedman_vaults_unwind,
          ontoclasm_vaults_ring_small, nicolae_vaults_little_squares_2,
          v_misc_10, hangedman_vaults_hat, grunt_vaults_diagonal, v_misc_9,
          nicolae_vaults_circle_grid_b, nicolae_vaults_theta,
          grunt_vaults_focal, nicolae_vaults_display_case,
          layout_vaults_omnibox, serial_shops, nicolae_shop_bloodbath_and_beyond
Vaults:2: st_greater_box_5, v_misc_4, v_misc_8,
          nicolae_vaults_bisected_exclaves, vaults_dpeg_hooks,
          vaults_mumra_chevron, vaults_dpeg_diagonal, nicolae_vaults_rhombus_5,
          v_misc_12, dpeg_vaults_monster_box, nicolae_vaults_specimen_jars,
          layout_vaults_omnigrid
Vaults:3: minmay_crypt_entry_simple_plaza, nicolae_vaults_quartermaster,
          hangedman_vaults_capsules, ontoclasm_vaults_claustrophobia,
          vaults_mumra_chevron_long, v_misc_25, v_pattern_5,
          nicolae_vaults_theta, vaults_dpeg_ring, grunt_vaults_hallway_short,
          nicolae_vaults_rhombus_5, layout_vaults_omnicross, serial_shops, shop
Vaults:4: hangedman_vaults_river_flow, v_misc_17, grunt_vaults_swirl,
          vaults_room_ringed_pool, hangedman_vaults_snaps, v_misc_12,
          hangedman_vaults_nails, nicolae_vaults_rhombus_7,
          ontoclasm_vaults_ring_square, nicolae_vaults_asterisk,
          layout_vaults_big_room, uniq_xtahua
Depths:1: layout_honeycomb, hell_entry, pan_entry,
          chequers_serial_rivers_small_a, serial_bayou_pond_b, tso_metal_star,
          uniq_bai_suzhen, uniq_nikola
Depths:2: minmay_cut_squares, layout_long_grid, rand_demon_pan_entry_1,
          hell_entry, minmay_staircase_bubble, minmay_shoptagon
Depths:3: minmay_the_grid_triangle_9x9_rhombus_thin_mashed
          [minmay_the_grid_triangle_9x9_corrupted_corridor,
          minmay_the_grid_triangle_9x9_prize_special,
          minmay_the_grid_triangle_9x9_corruption,
          minmay_the_grid_triangle_9x9_steps], layout_basic, enter_ziggurat_a,
          lightli_too_deep, abyss_entry, serial_shops, bzr_entry_road,
          hangedman_abyss_or_decor_lesser_grid, kennysheep_small_spiral,
          infiniplex_staircase_zigzag_1, serial_bayou_shore_b
Depths:4: evilmike_zot_entry_round, layout_gridville, roderic_three_in_a_row,
          pf_coc_iceberg
Zot:1:    layout_basic
Zot:2:    layout_misc_corridors, hangedman_zot_decor_scrapings

Skill      XL: |  1  2  3  4  5  6  7  8  9 10 11 12 13 14 15 16 17 18 19 20 21 22 23 24 25 26 27 |
---------------+----------------------------------------------------------------------------------+-----
Dodging        | 3 4 5 6 7 8 9 10 11 12 13 14 15 16 17 18 19 | 19.9
Fighting       | 1 2 3 4 5 6 7 8 9 10 12 13 14 15 16 | 16.9
Ice Magic      | 5 6 7 8 9 10 11 12 13 14 15 17 18 19 20 21 22 | 22.7
Armour         | 1 2 3 4 5 6 7 |  7.2
Spellcasting   | 3 4 5 6 7 8 9 10 11 12 13 14 15 16 | 16.4
Conjurations   | 1 2 3 5 6 7 8 9 10 11 12 | 12.9
Hexes          | 3 4 5 6 7 |  7.0
Necromancy     | 1 2 3 4 5 6 7 8 9 |  9.0
Earth Magic    | 1 3 4 5 7 8 10 | 10.5
Shields        | 2 4 6 8 9 10 11 12 13 14 15 | 15.8
Transmutations | 4 |  4.3
Stealth        | 5 8 10 12 13 | 13.0
Translocations | 2 |  2.0

Action                   |  1- 3 |  4- 6 |  7- 9 | 10-12 | 13-15 | 16-18 | 19-21 | 22-24 | 25-27 || total
-------------------------+-------+-------+-------+-------+-------+-------+-------+-------+-------++-------
Melee: Hand crossbow     |       |       |       |     1 |       |       |       |       |       ||     1
       Staff             |       |       |       |       |    13 |    23 |    12 |    17 |     1 ||    66
       Falchion          |       |       |       |       |       |       |       |     1 |    27 ||    28
 Fire: Hunting sling     |    65 |   152 |    37 |       |       |       |       |       |       ||   254
       Hand crossbow     |       |       |    28 |   106 |   111 |       |       |       |       ||   245
 Cast: Freeze            |    22 |    60 |    51 |   104 |    97 |       |       |       |       ||   334
       Ozocubu's Armour  |     2 |     7 |    18 |    48 |    69 |    59 |    30 |    40 |    56 ||   329
       Searing Ray       |       |     1 |    31 |    25 |    17 |       |       |       |       ||    74
       Frozen Ramparts   |       |       |    22 |    35 |    61 |    26 |    10 |     9 |     5 ||   168
       Hailstorm         |       |       |    13 |    66 |   129 |    37 |       |    16 |    26 ||   287
       Stone Arrow       |       |       |       |    83 |   256 |   203 |   162 |   159 |   138 ||  1001
       Iskenderun's Batt |       |       |       |       |    69 |    63 |    33 |    51 |    47 ||   263
       Ozocubu's Refrige |       |       |       |       |    31 |   158 |   159 |   235 |   243 ||   826
       Metabolic Englaci |       |       |       |       |     8 |    14 |     5 |     9 |    12 ||    48
       Simulacrum        |       |       |       |       |       |    30 |    16 |    22 |     8 ||    76
       Polar Vortex      |       |       |       |       |       |       |     2 |    18 |    58 ||    78
       Blink             |       |       |       |       |       |       |       |       |     2 ||     2
       Lehudib's Crystal |       |       |       |       |       |       |       |       |     1 ||     1
       Iron Shot         |       |       |       |       |       |       |       |       |    83 ||    83
 Abil: Evoke Blink       |       |       |       |       |       |       |       |       |     1 ||     1
Evoke: Wand              |       |     4 |       |     2 |     2 |       |     1 |       |       ||     9
       Lightning rod     |       |       |       |     1 |       |       |       |       |       ||     1
  Use: Scroll            |       |     6 |     3 |    18 |     8 |     5 |     2 |     2 |    14 ||    58
       Potion            |       |     2 |     1 |     1 |     8 |     2 |     2 |     1 |     9 ||    26
Armor: Robe              |    10 |    35 |    19 |     1 |       |       |       |       |       ||    65
       Leather armour    |       |    22 |    24 |    94 |   177 |    98 |    41 |    40 |   135 ||   631
       Scale mail        |       |       |       |       |    43 |       |       |       |       ||    43
Dodge: Dodged            |    20 |   100 |    80 |   168 |   326 |   151 |    92 |   115 |   336 ||  1388
Block: Kite shield       |       |       |       |   129 |   472 |   191 |   143 |   137 |   320 ||  1392
       Reflection        |       |       |       |       |       |       |       |       |     2 ||     2

Table legend: (Time is in decaauts)
 A = Elapsed time spent in this place.
 B = Non-inter-level travel time spent in this place.
 C = Inter-level travel time spent in this place.
 D = Time resting spent in this place.
 E = Time spent auto-exploring this place.
 F = Levels seen in this place.
 G = Mean time per level.
                   A        B        C        D        E       F      G
               +--------+--------+--------+--------+--------+-----+--------+
         Total |  62693 |  58774 |   3919 |  16606 |  27779 |  51 | 1229.3 |
       Dungeon |  17724 |  16095 |   1629 |   3780 |   8667 |  15 | 1181.6 |
          Lair |   9942 |   9147 |    795 |   2214 |   4988 |   6 | 1657.0 |
        Shoals |   4263 |   4064 |    199 |   1088 |   1942 |   4 | 1065.8 |
     Snake Pit |   6457 |   6273 |    184 |   2475 |   2482 |   4 | 1614.2 |
    Slime Pits |   1938 |   1901 |     37 |    789 |    423 |   5 |  387.6 |
  Orcish Mines |   1643 |   1505 |    138 |    528 |    475 |   2 |  821.5 |
   Elven Halls |   4283 |   4109 |    174 |   1014 |   1838 |   3 | 1427.7 |
        Vaults |   7742 |   7454 |    288 |   1396 |   4023 |   4 | 1935.5 |
        Depths |   5853 |   5396 |    457 |   1400 |   2897 |   4 | 1463.2 |
           Zot |   2642 |   2628 |     14 |   1897 |     42 |   2 | 1321.0 |
        Bazaar |     88 |     88 |      0 |      0 |      0 |   1 |   88.0 |
       Volcano |    114 |    114 |      0 |     24 |      0 |   1 |  114.0 |
               +--------+--------+--------+--------+--------+-----+--------+

Top non-repeatable levels by time:
Depths:3: 2548 daAuts
  Lair:6: 2414 daAuts
Vaults:1: 2368 daAuts
 Snake:4: 2267 daAuts
Vaults:2: 2244 daAuts
  Lair:3: 1938 daAuts
  Lair:2: 1856 daAuts
Depths:4: 1848 daAuts
    D:14: 1820 daAuts
 Snake:1: 1805 daAuts
Vaults:3: 1722 daAuts
     D:4: 1666 daAuts
  Lair:5: 1663 daAuts
   Elf:3: 1634 daAuts
     D:9: 1608 daAuts
